 Dungeon Crawl Stone Soup version 0.19-a0-1740-g0bcaf2e (webtiles) character file.

1109 Miyamura the Ruffian (level 8, 0/78 HPs)
             Began as a Troll Wizard on Oct 2, 2016.
             Was a Follower of Okawaru.
             Slain by a vampire (11 damage)
             ... on level 6 of the Dungeon.
             The game lasted 00:11:43 (4765 turns).

Miyamura the Ruffian (Troll Wizard)                 Turns: 4765, Time: 00:11:44

Health: 0/78       AC:  5    Str: 16    XL:     8   Next: 11%
Magic:  10/10      EV: 11    Int: 14    God:    Okawaru [*.....]
Gold:   263        SH:  0    Dex: 10    Spells: 3 memorised, 5 levels left

rFire  . . .     SeeInvis .       - Unarmed
rCold  . . .     Gourm    +     a - +0 robe
rNeg   + . .     Faith    .     (no shield)
rPois  .         Spirit   .     b - +0 hat
rElec  .         Dismiss  .     (no cloak)
rCorr  .         Reflect  .     (gloves unavailable)
MR     .....     Harm     .     (boots unavailable)
Stlth  +.........               (no amulet)
                                (no ring)
                                z - ring of positive energy

@: no status effects
A: unfitting armour, claws 3, fast metabolism 3, gourmand, regeneration 1,
shaggy fur 1, tough skin 2
a: Heroism, Renounce Religion


You were on level 6 of the Dungeon.
You worshipped Okawaru.
Okawaru was aware of your devotion.
You were full.

You visited 2 branches of the dungeon, and saw 7 of its levels.
You also visited: Ossuary.

You collected 263 gold pieces.

Inventory:

Hand Weapons
 p - a +0 flail
Missiles
 h - a throwing net (quivered)
 k - 24 stones
Armour
 a - a +0 robe (worn)
 b - a +0 hat (worn)
Jewellery
 z - a ring of positive energy (left claw)
 G - an uncursed ring of ice
Wands
 o - a wand of confusion (6/48)
Scrolls
 f - 2 scrolls of blinking
 g - a scroll of fear
 i - 6 scrolls of remove curse
 l - 3 scrolls of fog {unknown}
 m - 2 scrolls of enchant armour {unknown}
 v - 3 scrolls of teleportation {unknown}
 w - 2 scrolls of amnesia {unknown}
 y - 2 scrolls of recharging
 C - a scroll of immolation {unknown}
 E - a scroll of holy word {unknown}
Potions
 e - a potion of might {unknown}
 j - 3 potions of haste {unknown}
 q - 2 potions of degeneration {unknown}
 r - 4 potions of curing
 s - 2 potions of ambrosia {unknown}
 t - a potion of beneficial mutation {unknown}
 x - 2 potions of mutation {unknown}
 A - 3 potions of heal wounds
 B - 2 potions of agility {unknown}
 D - a potion of brilliance {unknown}
Books
 c - a book of Minor Magic

   Spells                             Type                      Level
   a - Magic Dart                     Conjuration                  1
   b - Blink                          Translocation                2
   c - Call Imp                       Summoning                    2
   d - Repel Missiles                 Charms/Air                   2
   e - Slow                           Hexes                        2
   f - Conjure Flame                  Conjuration/Fire             3
   g - Mephitic Cloud                 Conjuration/Poison/Air       3
Comestibles
 d - 5 bread rations
 n - a meat ration
 F - 4 fruits


   Skills:
 + Level 4.2 Fighting
 + Level 3.8 Maces & Flails
 + Level 4.2 Dodging
 - Level 1.1 Stealth
 + Level 4.3 Unarmed Combat
 - Level 2.0 Spellcasting
 - Level 0.6 Conjurations
   Level 0.6 Summonings
 - Level 0.6 Translocations


You had 5 spell levels left.
You knew the following spells:

 Your Spells              Type           Power        Failure   Level  Hunger
a - Magic Dart            Conj           #...         21%         1    ##.....
b - Blink                 Tloc           N/A          30%         2    ###....
m - Mephitic Cloud        Conj/Pois/Air  #.......     73%         3    ####...


Dungeon Overview and Level Annotations

Branches:
Dungeon (6/15)             Temple (1/1) D:5

Altars:
Ashenzari
Cheibriados
Dithmenos
Elyvilon
Fedhas
Kikubaaqudgha
Makhleb
Okawaru
Qazlal
Ru
Sif Muna
Trog
Vehumet
Xom
Yredelemnul
Zin
The Shining One


Innate Abilities, Weirdness & Mutations

You are too large for most types of armour.
You have claws for hands.
Your metabolism is lightning-fast.
You like to eat raw meat.
Your natural rate of healing is unusually fast.
You are covered in fur. (AC +1)
You have very tough skin. (AC +2)


Message History

You feel less confused.
You hear some strange, mumbled words.
You are confused.
The orc warrior closely misses you. Something hits you!
Something bites you but does no damage.
You feel better. The orc warrior barely misses you. The orc closely misses you.
You hear some strange, mumbled words.
Something tries to affect you, but you resist.
You claw the orc!
You kill the orc!
Okawaru accepts your kill. The orc warrior closely misses you.
Something hits you. Something bites you!
Something draws strength from your injuries!
Something hits you!
* * * LOW HITPOINT WARNING * * *
Something bites you!
* * * LOW HITPOINT WARNING * * *
You see here an orc corpse.
Something hits you but does no damage. Something bites you!
You die...

#......)oo.# #.#
#####<.###.####### #.#
#.##....).# #.......# #.#
#.#.....#.# #######.# #.#
#[........# #.# #.#
#.........# #.# #.#
######.......##########.## #.#
#...........####.†.......# #.#
.....###.......)@{.o....####.#
.....# ####.####.#####.......#
.....### #.# #)##..........#
.......# #.# #.##.###.######
.....#.# #.# #.##.# #.#
.....#.# #.# #.##.# #.#
.....#.####.####.##.# #.###
#.####......o....##.###...#
#.#########.######...##.#.#


You could see an orc warrior.

Vanquished Creatures
  An ice beast (D:4)
  A sky beast (D:5)
  A phantom (D:5)
  2 bullfrogs (D:6)
  A howler monkey (D:4)
  A bullfrog zombie (D:6)
  A hound (D:5)
  A jelly (D:6)
  4 orc wizards
  A worker ant (D:3)
  14 mummies (Ossuary)
  8 gnolls
  6 adders
  A shadow imp (D:5)
  2 oozes
  An adder skeleton (D:4)
  4 worms
  2 dart slugs
  A leopard gecko (D:2)
  9 orcs
  2 giant cockroaches
  11 goblins
  8 hobgoblins
  6 jackals
  6 kobolds
  2 quokkas
  3 bats
  3 frilled lizards
  A gnoll skeleton (Ossuary)
  4 goblin skeletons (Ossuary)
  A kobold skeleton (Ossuary)
  2 orc skeletons (Ossuary)
  A quokka skeleton (D:5)
  A quokka zombie (D:5)
  6 rats
  11 rat skeletons (Ossuary)
130 creatures vanquished.

Notes
Turn   | Place    | Note
-------+----------+-------------------------------------------
     0 | D:1      | Miyamura the Troll Wizard began the quest for the Orb.
     0 | D:1      | Reached XP level 1. HP: 16/16 MP: 2/2
   543 | D:1      | Reached XP level 2. HP: 26/26 MP: 4/4
   694 | D:1      | Reached skill level 1 in Fighting
   996 | D:1      | Reached XP level 3. HP: 33/33 MP: 5/5
  1115 | D:2      | Reached skill level 1 in Unarmed Combat
  1166 | D:1      | Reached skill level 1 in Maces & Flails
  1384 | D:2      | Learned a level 2 spell: Blink
  1388 | D:2      | Learned a level 3 spell: Mephitic Cloud
  1517 | D:2      | Reached XP level 4. HP: 41/41 MP: 6/6
  2293 | D:3      | Reached XP level 5. HP: 46/49 MP: 7/7
  2986 | D:4      | Found a sand-covered staircase.
  3018 | Ossuary  | Entered an ossuary
  3070 | Ossuary  | Reached XP level 6. HP: 59/59 MP: 8/8
  3731 | D:5      | Entered Level 5 of the Dungeon
  3781 | D:5      | Noticed an ice beast
  3845 | D:4      | Killed an ice beast
  3845 | D:4      | Reached XP level 7. HP: 30/67 MP: 9/9
  3887 | D:5      | Found a staircase to the Ecumenical Temple.
  3896 | Temple   | Entered the Ecumenical Temple
  3982 | Temple   | Became a worshipper of Warmaster Okawaru
  4004 | D:5      | Found a shattered altar of Ashenzari.
  4134 | D:5      | Found a stormy altar of Qazlal.
  4198 | D:5      | Found a white marble altar of Elyvilon.
  4566 | D:6      | Reached * piety under Okawaru
  4566 | D:6      | Reached XP level 8. HP: 40/78 MP: 10/10
  4765 | D:6      | Slain by a vampire

Vault maps used:
D:1:      dpeg_arrival_water_fire, minivault_14, minmay_strange_pillars
D:2:      serial_forest, infiniplex_forest_lined_2,
          infiniplex_forest_clump_diagonal, infiniplex_forest_clump_double,
          infiniplex_forest_clump_double, infiniplex_forest_corner_1,
          infiniplex_forest_clump_double, infiniplex_forest_lined_corner
D:3:      first_bread
D:4:      nicolae_ossuary_entry_ruins
D:5:      nicolae_overflow_hidden_temple, cheibrodos_ashenzari_chains,
          nicolae_qazlal_general_emergency
D:6:      serial_shops, shop
Temple:   nicolae_temple_great_sept
Ossuary:  ossuary_due_small_catacomb

Skill      XL: |  1  2  3  4  5  6  7 |
---------------+----------------------+-----
Dodging        | 2 3 4 |  4.2
Fighting       | 1 2 3 4 |  4.2
Unarmed Combat | 1 2 3 4 |  4.3
Maces & Flails | 1 2 3 |  3.8
Stealth        | |  1.1
Spellcasting   | |  2.0
Conjurations   | |  0.6
Summonings     | |  0.6
Translocations | |  0.6

Action                   |  1- 3 |  4- 6 |  7- 9 || total
-------------------------+-------+-------+-------++-------
Melee: Unarmed           |   107 |   305 |   129 ||   541
       Punch             |     1 |     1 |     1 ||     3
 Cast: Magic Dart        |     4 |     6 |       ||    10
  Use: Potion            |     3 |       |     1 ||     4
       Scroll            |       |     6 |     3 ||     9
 Stab: Sleeping          |     1 |     3 |       ||     4
  Eat: Chunk             |    19 |    17 |    10 ||    46
Armor: Robe              |    45 |    69 |    38 ||   152
Dodge: Dodged            |    56 |   128 |    66 ||   250
